Map: Temple of the Past

Players

raincamp

  • Race: Terran Terran
  • Spawn Location: 0:00

raincamp

  • Race: Terran Terran
  • Spawn Location: 0:00

VOD

Have the link to the VOD?

Description

Time

  • Played on: Aug. 17, 2017, 1 p.m.
  • Length: 26:29
Show
View Real Time Build Order
Export as new Build Order

raincamp Terran 

Build Orders:  

Get SALT Encoding   

  12  0:03  SCV  
  13  0:20  SCV  
  13  0:28  Refinery  
  14  0:37  SCV  
  15  0:45  Refinery  
  15  0:54  SCV  
  16  1:11  SCV  
  17  1:28  SCV  
  18  1:45  Command Center  
  18  1:50  SCV  
  19  2:06  Barracks  
  19  2:09  SCV  
  20  2:26  SCV  
  21  2:43  SCV  
  22  3:17  Elite Marine  
  26  3:26  SCV  
  27  3:34  Factory  
  27  3:43  SCV  
  27  3:47  Refinery  
  28  3:50  SCV  
  29  4:20  SCV x2  
  31  4:38  Engineering Bay  
  31  4:39  SCV x2  
  33  4:40  Refinery  
  33  5:03  SCV x2  
  35  5:15  Starport  
  35  5:21  Armory  
  35  5:23  Factory Tech Lab, Barracks Tech Lab  
  35  5:42  SCV x2  
  37  5:59  SCV x2  
  39  6:16  SCV x2  
  41  6:47  Raid Liberator  
  47  7:01  Starport Tech Lab  
  47  7:03  Spider Mines  
  47  7:07  Super Stimpack  
  47  7:10  Terran Infantry Weapons Level 1  
  47  7:11  Terran Vehicle and Ship Weapons Level 1  
  47  7:29  Raid Artillery  
  47  7:33  Graduating Range  
  47  7:52  Laser Targeting System  
  47  7:59  Smart Servos  
  47  8:18  Lockdown Missiles  
  47  8:26  Elite Marine  
  51  9:03  Ares-Class Targeting System  
  51  9:10  Tactical Airlift  
  51  9:13  Missile Turret  
  51  9:35  Heavy Siege Tank  
  57  9:53  Missile Turret  
  57  10:10  Heavy Siege Tank  
  63  10:35  Engineering Bay  
  63  11:17  Engineering Bay  
  63  11:27  Raid Liberator  
  69  11:59  Missile Turret  
  69  12:32  Missile Turret  
  69  13:00  Terran Vehicle and Ship Weapons Level 2, Terran Infantry Weapons Level 2  
  69  13:02  Caduceus Reactor  
  69  13:04  Missile Turret  
  69  13:23  Elite Marine  
  73  13:47  Ghost Visor  
  73  14:28  Engineering Bay  
  73  14:51  Heavy Siege Tank  
  79  15:06  Engineering Bay  
  79  15:15  Defensive Drone  
  79  15:28  Defensive Drone  
  79  15:41  Griffin Airstrike  
  79  15:49  Railgun Turret  
  79  16:20  Railgun Turret  
  79  16:51  Railgun Turret  
  79  17:12  Raid Liberator  
  85  17:24  Railgun Turret  
  85  18:09  Defensive Drone  
  85  18:56  Defensive Drone  
  85  18:57  Griffin Airstrike  
  85  19:10  Tactical Airlift  
  85  19:53  Terran Infantry Weapons Level 3, Terran Vehicle and Ship Weapons Level 3  
  85  20:05  Engineering Bay  
  85  20:40  Elite Marine  
  85  20:42  Heavy Siege Tank  
  85  20:48  Engineering Bay  
  95  21:27  Engineering Bay  
  95  21:42  Defensive Drone  
  92  22:35  Defensive Drone  
  92  22:40  Griffin Airstrike  
  92  22:43  Defensive Drone  
  89  23:15  Elite Marine  
  89  23:18  Raid Liberator  
  98  24:20  Defensive Drone  
  98  24:35  Tactical Airlift  
  98  25:19  Griffin Airstrike  
  98  25:36  Defensive Drone  
Show
View Real Time Build Order
Export as new Build Order

raincamp Terran 

Build Orders:  

Get SALT Encoding   

Tags
 
Add a new tag
Caveats
  • Supply blocks, unpowered buildings, or Contaminate may cause inaccurate times.
  • Supply counts are checked every 10 seconds.